 Dungeon Crawl Stone Soup version 0.29.0-11-gd7f09526c8 (webtiles) character file.

Game seed: 7974977317634735687

842 Armakuni the Spear-Bearer (level 8, -3/57 HPs)
             Began as a Merfolk Earth Elementalist on Sept 3, 2022.
             Slain by a steam dragon (6 damage)
             ... on level 6 of the Dungeon.
             The game lasted 00:12:46 (6478 turns).

Armakuni the Spear-Bearer (MfEE)                    Turns: 6478, Time: 00:12:46

Health: -3/57      AC:  5    Str:  9    XL:     8   Next: 0%
Magic:  0/11       EV: 12    Int: 22    God:
Gold:   161        SH:  0    Dex: 14    Spells: 8/11 levels left

rFire   . . .      SeeInvis .   a - +2 trident (venom)
rCold   . . .      Faith    .   (no shield)
rNeg    . . .      Spirit   +   q - +0 leather armour
rPois   .          Reflect  .   t - +0 helmet
rElec   .          Harm     .   (no cloak)
rCorr   .          Rampage  .   d - +0 pair of gloves
Will    .....      Rage     3%  (no boots)
Stlth   ++........              G - amulet of guardian spirit
HPRegen 0.19/turn               I - +6 ring of intelligence
MPRegen 0.12/turn               (no ring)

@: about to teleport
A: (nimble swimmer 2), mertail, berserk 1
a: no special abilities


You were on level 6 of the Dungeon.
You visited 1 branch of the dungeon, and saw 6 of its levels.

You collected 161 gold pieces.

Inventory:

Hand Weapons
 a - a +2 trident of venom (weapon)
Missiles
 l - 2 poisoned darts
 n - 2 javelins
Armour
 d - a +0 pair of gloves (worn)
 i - a +0 ring mail
 q - a +0 leather armour (worn)
 t - a +0 helmet (worn)
Jewellery
 G - an amulet of guardian spirit (around neck)
 I - a +6 ring of intelligence (left hand)
Wands
 c - a wand of polymorph (5)
 m - a wand of flame (25)
 r - a wand of roots (15)
Scrolls
 e - 2 scrolls of amnesia
 g - 2 scrolls of torment
 h - a scroll of enchant armour
 j - a scroll of teleportation
Potions
 f - 2 potions of haste
 k - a potion of lignification
 o - 4 potions of brilliance


   Skills:
 - Level 2.9 Fighting
 + Level 10.6 Polearms
 - Level 2.6 Dodging
 - Level 2.1 Stealth
 - Level 2.0 Spellcasting
 - Level 1.3 Transmutations
 - Level 2.4 Earth Magic


You had 8 spell levels left.
You knew the following spells:

 Your Spells              Type           Power      Damage    Failure   Level
a - Sandblast             Erth           24%        2d8       8%          1
w - Passwall              Tmut/Erth      8%         N/A       14%         2

Your spell library contained the following spells:

 Spells                   Type           Power      Damage    Failure   Level
 Slow                     Hex            8%         N/A       19%         1
 Summon Small Mammal      Summ           8%         N/A       19%         1
 Stone Arrow              Conj/Erth      14%        3d7       34%         3
 Call Canine Familiar     Summ           2%         N/A       50%         3
 Summon Guardian Golem    Hex/Summ       2%         N/A       50%         3
 Tukima's Dance           Hex            2%         N/A       50%         3
 Petrify                  Tmut/Erth      10%        N/A       65%         4
 Leda's Liquefaction      Hex/Erth       3%         N/A       75%         4
 Summon Mana Viper        Hex/Summ       2%         N/A       99%         5


Dungeon Overview and Level Annotations

Branches:
Dungeon (6/15)
 Temple: D:4-7

Altars:

Shops:
D:5 *

Portals:
Abyss: D:4

Annotations:
D:3 1 exclusion
D:4 2 transporters, Manslay's ghost, novice OpCj
D:6 Eustachio


Innate Abilities, Weirdness & Mutations

((You are very nimble when in or above water. (Stealth+, EV+, Speed+++)))
Your lower body shifts to a powerful aquatic tail in water.
You sometimes lose your temper in combat.


Message History

The killer bee completely misses you.
You miss the killer bee.
The killer bee is moderately wounded.
The killer bee closely misses you. x2; The ogre misses you.
The killer bee stings you! The killer bee stings you.
You barely miss the killer bee.
The killer bee is moderately wounded.
The killer bee barely misses you. The killer bee stings you.
You hit the killer bee.
The killer bee is poisoned.
The killer bee is heavily wounded.
Your surroundings suddenly seem different.
Found a potion of curing.
Eustachio the Magnificent comes into view.
He is wielding a +0 rapier.
It was a potion of mutation.
You feel extremely strange.
You feel a little pissed off.
Eustachio shouts!
You feel a bit more experienced. The steam dragon breathes steam at you.
The ball of steam hits you.
* * * LOW HITPOINT WARNING * * *
You hear a shout!
You have reached level 8!
Magic courses through your body.
You are engulfed in a cloud of scalding steam.
* * * LOW HITPOINT WARNING * * *
You feel better.
You are engulfed in a cloud of scalding steam.
* * * LOW HITPOINT WARNING * * *
The steam dragon bites you.
* * * LOW HITPOINT WARNING * * *
The steam dragon closely misses you.
As you read the scroll of teleportation, it crumbles to dust.
You feel strangely unstable. The steam dragon breathes steam at you.
The ball of steam hits you!
* * * LOW HITPOINT WARNING * * *
A scorpion comes into view.
The steam dragon attacks as you move away!
The steam dragon bites you!
You die...

#... . .s
$......... .
#. ....y.....
#...
....y.....
!#.
..........
..##
..........
.§#
..........
#.#
..........
#@# #D# ..#
#o#
...###@####
#.>.o.S..# ##
#....o...#
...
#.......o#Y.#
#........Y..
#...§..#


You could see Eustachio, a steam dragon, a scorpion, an adder and 3 orcs.

Vanquished Creatures
  2 ogres (D:5)
  A centaur (D:5)
  Blork the orc (D:4)
  A scorpion (D:4)
  2 killer bees (D:6)
  3 hounds
  An orc priest (D:3)
  A gnoll bouda (D:4)
  2 iguanas (D:4)
  2 orc wizards (D:5)
  3 gnolls (D:4)
  2 adders
  A white imp (D:5)
  An ufetubus (D:5)
  2 dart slugs (D:2)
  2 worms (D:3)
  11 orcs
  4 endoplasms
  2 giant cockroaches
  5 goblins
  4 hobgoblins
  6 jackals
  6 quokkas
  4 ball pythons
  3 bats
  3 frilled lizards
  6 kobolds
  4 rats
85 creatures vanquished.

Vanquished Creatures (others)
  17 plants (D:1)
17 creatures vanquished.

Grand Total: 102 creatures vanquished

Notes
Turn   | Place    | Note
-------+----------+-------------------------------------------
     0 | D:1      | Armakuni the Merfolk Earth Elementalist began the quest for
                  | the Orb.
     0 | D:1      | Reached XP level 1. HP: 13/13 MP: 3/3
   205 | D:1      | Reached skill level 1 in Fighting
   360 | D:3      | Reached XP level 2. HP: 22/22 MP: 0/5
   625 | D:2      | Learned a level 2 spell: Passwall
  1202 | D:2      | Reached XP level 3. HP: 28/28 MP: 4/6
  1242 | D:2      | Found a faded altar of an unknown god.
  1511 | D:2      | Reached skill level 1 in Polearms
  1569 | D:3      | Reached skill level 3 in Polearms
  1569 | D:3      | Reached XP level 4. HP: 33/34 MP: 3/7
  2252 | D:3      | Got Sif Muna's Essays on Interference
  2462 | D:3      | Noticed an ice beast
  2833 | D:3      | Reached skill level 4 in Polearms
  3215 | D:4      | Noticed a scorpion
  3232 | D:4      | Killed a scorpion
  3233 | D:4      | Reached skill level 5 in Polearms
  3233 | D:4      | Reached XP level 5. HP: 36/40 MP: 5/8
  3642 | D:4      | Reached skill level 6 in Polearms
  3642 | D:4      | Reached XP level 6. HP: 32/46 MP: 5/9
  4127 | D:4      | Noticed Blork the orc
  4154 | D:4      | Killed Blork the orc
  4155 | D:4      | Reached skill level 7 in Polearms
  4421 | D:4      | Found a transporter.
  4440 | D:4      | Found a transporter.
  4448 | D:4      | Found a one-way gate to the infinite horrors of the Abyss.
  4448 | D:4      | Noticed Manslay's ghost (novice OpCj)
  4840 | D:5      | Entered Level 5 of the Dungeon
  4897 | D:5      | Reached skill level 8 in Polearms
  4897 | D:5      | Reached XP level 7. HP: 51/51 MP: 8/10
  5122 | D:5      | Reached skill level 9 in Polearms
  5581 | D:5      | Found Zullou's Mass Market.
  6070 | D:5      | Reached skill level 10 in Polearms
  6405 | D:6      | Noticed a steam dragon
  6473 | D:6      | Noticed Eustachio
  6474 | D:6      | Gained mutation: You sometimes lose your temper in combat.
                  | [potion of mutation]
  6475 | D:6      | Reached XP level 8. HP: 15/57 MP: 2/11
  6478 | D:6      | Slain by a steam dragon

Illustrated notes

Levels and vault maps discovered:
D:1:      amcnicky_arrival_feature_with_door, layout_loops_ring,
          serial_bayou_ford_a, serial_bayou_lake_a
D:2:      layout_rooms, dreamdust_ecumenical_altar_angels_and_demons,
          minmay_misc_feat_tiny
D:3:      layout_basic, moated_statue, grunt_ministairs_8
D:4:      layout_loops_ring, gammafunk_ghost_abyssal_escape, uniq_blork_the_orc
D:5:      layout_basic, minmay_shop_mass
D:6:      layout_rooms, riverfiend_overflow_shadow_ancestor,
          minmay_temple_entry_sparse_star, nrook_mini_vaults,
          minmay_misc_feat_enclosed, nrook_pool_corridor, uniq_eustachio

Skill      XL: |  1  2  3  4  5  6  7 |
---------------+----------------------+-----
Fighting       | 1 2 |  2.9
Polearms       | 3 5 6 8 10 | 10.6
Dodging        | |  2.6
Stealth        | |  2.1
Spellcasting   | |  2.0
Transmutations | |  1.3
Earth Magic    | |  2.4

Action                   |  1- 3 |  4- 6 |  7- 9 || total
-------------------------+-------+-------+-------++-------
Melee: Short sword       |     2 |       |       ||     2
       Spear             |    16 |    31 |       ||    47
       Dagger            |       |   103 |       ||   103
       Trident           |       |    28 |    70 ||    98
       Punch             |       |       |     2 ||     2
 Cast: Sandblast         |    39 |    23 |     1 ||    63
  Use: Scroll            |       |     5 |     3 ||     8
       Potion            |       |     6 |     3 ||     9
 Stab: Sleeping          |       |     4 |     1 ||     5
Armor: Ring mail         |    10 |     5 |       ||    15
       Leather armour    |       |    29 |    12 ||    41
       Skin              |       |    14 |       ||    14
Dodge: Dodged            |    30 |    88 |    55 ||   173
